 Dungeon Crawl Stone Soup version 0.24-a0-205-g1d96822 (webtiles) character file.

Game seed: 9912462687947346706

217 Inarius the Agent of Entropy (level 5, -1/41 HPs)
             Began as a Demonspawn Abyssal Knight on Mar 28, 2019.
             Was a Priest of Lugonu.
             Slain by a wight
             ... wielding a cursed +2 trident
              (8 damage)
             ... on level 3 of the Dungeon.
             The game lasted 00:05:52 (3302 turns).

Inarius the Agent of Entropy (DsAK)                 Turns: 3302, Time: 00:05:54

Health: -1/41      AC:  8    Str: 13    XL:     5   Next: 61%
Magic:  16/16      EV: 10    Int: 14    God:    Lugonu [***...]
Gold:   103        SH:  0    Dex: 12    Spells: 4/4 levels left

rFire    . . .     SeeInvis .   a - +2 hand axe
rCold    . . .     Gourm    .   (no shield)
rNeg     . . .     Faith    .   e - +0 ring mail
rPois    .         Spirit   .   (no helmet)
rElec    .         Reflect  .   (no cloak)
rCorr    .         Harm     .   (no gloves)
MR       .....                  i - +0 pair of boots
Stlth    ++........             (no amulet)
HPRegen  0.13/turn              m - ring of magical power
MPRegen  0.15/turn              q - ring of stealth

@: heavily drained
A: talons 1, thin metallic scales 1
a: Depart the Abyss, Bend Space, Banish, Renounce Religion


You were on level 3 of the Dungeon.
You worshipped Lugonu.
Lugonu was most pleased with you.
You were not hungry.

You visited 1 branch of the dungeon, and saw 3 of its levels.
You visited the Abyss 1 time.

You collected 103 gold pieces.

Inventory:

Hand Weapons
 a - a +2 hand axe (weapon)
Missiles
 n - a throwing net (quivered)
Armour
 e - a +0 ring mail (worn)
 i - a +0 pair of boots (worn)
Jewellery
 m - a ring of magical power (left hand)
 q - a ring of stealth (right hand)
Scrolls
 b - 2 scrolls of immolation
 j - a scroll of amnesia
 k - a scroll of fog {unknown}
 o - a scroll of noise
Potions
 d - a potion of berserk rage {unknown}
 f - a potion of agility
 g - a potion of might {unknown}
 h - a potion of heal wounds
 p - a potion of magic {unknown}
Comestibles
 c - 7 rations
 l - a chunk of flesh


   Skills:
 + Level 3.3(1.8) Fighting
 * Level 3.3(1.9) Axes
 * Level 3.4(1.9) Armour
 + Level 1.7(0.4) Dodging
 + Level 0.2(0.0) Stealth
 * Level 3.6(2.2) Invocations


You had 4 spell levels left.
You didn't know any spells.
Your spell library contained the following spells:

 Spells                   Type           Power        Failure   Level  Hunger
 Slow                     Hex            #.......     67%         2    ###....


Dungeon Overview and Level Annotations

Branches:
Dungeon (3/15)

Altars:
Gozag
Ru
Uskayaw
Yredelemnul
The Shining One


Innate Abilities, Weirdness & Mutations

You have sharp toenails.
You are partially covered in thin metallic scales. (AC +2)


Message History

You are too injured to fight recklessly!
You are too injured to fight recklessly!
You are too injured to fight recklessly!
You are too injured to fight recklessly!
You are too injured to fight recklessly!
You are too injured to fight recklessly!
You are too injured to fight recklessly!
You are too injured to fight recklessly!
You are too injured to fight recklessly!
You hit the wight but do no damage.
The wight is moderately damaged.
The wight closely misses you.
You hit the wight.
The wight is heavily damaged.
The wight hits you with a cursed +2 trident!
* * * LOW HITPOINT WARNING * * *
You feel drained.
* * * LOW HITPOINT WARNING * * *
The wight hits you with a cursed +2 trident!
You die...

...##...#.......[.##.#......#
.#..#..##........###.#).....#
###.#..######<...###.#......#
###.#..# ###.>....#......#
._#.##.# #.............#
..#..'.# #####.###'#####
._#.#### #.# #.# ###.#
#######.# #z#### ###.#
#.zz@...# #z...# .#..#
#.####### #.##z# ...##
#####.##.# #.## .........#
#_# #####.#### ### #.# ###


You could see 2 wights.

Vanquished Creatures
  A wight (D:2)
  An iguana (D:3)
  Jessica (D:2)
  3 adders (D:3)
  An ooze (D:1)
  A dart slug (D:3)
  3 worms
  3 leopard geckos
  6 bats
  5 giant cockroaches
  10 goblins
  5 hobgoblins
  5 jackals
  3 quokkas
  A ball python (D:3)
  3 frilled lizards
  10 kobolds
  24 rats
86 creatures vanquished.

Notes
Turn   | Place    | Note
-------+----------+-------------------------------------------
     0 | Abyss:1  | Inarius the Demonspawn Abyssal Knight began the quest for
                  | the Orb.
     0 | Abyss:1  | Reached XP level 1. HP: 18/18 MP: 2/2
    36 | D:1      | Escaped the Abyss
   333 | D:1      | Gained mutation: You have sharp toenails. [demonic
                  | ancestry]
   333 | D:1      | Reached XP level 2. HP: 24/24 MP: 4/4
   421 | D:1      | Reached skill level 1 in Dodging
   877 | D:1      | Reached XP level 3. HP: 27/29 MP: 5/5
  1389 | D:2      | Reached ** piety under Lugonu
  1417 | D:2      | Noticed Jessica
  1426 | D:2      | Killed Jessica
  1430 | D:2      | Identified Jessica's Reference Book on Beguiling
  1526 | D:2      | Reached XP level 4. HP: 35/35 MP: 6/6
  2082 | D:3      | Found a faded altar of an unknown god.
  2400 | D:3      | Gained mutation: You are partially covered in thin metallic
                  | scales. (AC +2) [demonic ancestry]
  2400 | D:3      | Reached XP level 5. HP: 18/41 MP: 7/7
  2694 | D:3      | Reached *** piety under Lugonu
  3104 | D:3      | Found a sacrificial altar of Ru.
  3104 | D:3      | Found an opulent altar of Gozag.
  3109 | D:3      | Found a glowing golden altar of the Shining One.
  3111 | D:3      | Found a hide-covered altar of Uskayaw.
  3113 | D:3      | Found a basalt altar of Yredelemnul.
  3302 | D:3      | Slain by a wight

Levels and vault maps discovered:
D:1:      evilmike_arrival_crescent, layout_loops_corners, grunt_decor_fettered,
          skrybe_limestone_x, minmay_quantized
D:2:      layout_loops_corners, kennysheep_jessica_study
D:3:      layout_basic, chequers_temple_overflow_minitemple,
          chequers_ecumenical_altar_simple, st_stairs_12, minmay_rat_hole
Abyss:1

Skill      XL: |  1  2  3  4  5 |
---------------+----------------+-----
Axes           | 2 3 |  3.3
Invocations    | 3 |  3.6
Dodging        | 1 |  1.7
Armour         | 2 3 |  3.4
Fighting       | |  3.3
Stealth        | |  0.2

Action                   |  1- 3 |  4- 6 || total
-------------------------+-------+-------++-------
Melee: Hand axe          |    98 |   153 ||   251
       Kick              |     7 |       ||     7
  Use: Scroll            |     3 |     5 ||     8
       Potion            |     1 |       ||     1
  Eat: Chunk             |     2 |     6 ||     8
Armor: Ring mail         |    38 |    62 ||   100
Dodge: Dodged            |    66 |    87 ||   153

Table legend:
 A = Non-vault XP
 B = Vault XP
 C = Vault XP percentage of total XP
 D = Non-vault monster count
 E = Vault monster count
 F = Vault count percentage of total count
                 A         B        C        D         E       F
            +---------+---------+-------+---------+---------+-------
      Total |     244 |      66 |  21.3 |      60 |      26 |  30.2
            +---------+---------+-------+---------+---------+-------
        D:1 |      35 |       7 |  16.7 |      18 |       5 |  21.7
        D:2 |      93 |      39 |  29.5 |      19 |       2 |   9.5
        D:3 |     116 |      20 |  14.7 |      23 |      19 |  45.2
            +---------+---------+-------+---------+---------+-------
